 Dungeon Crawl Stone Soup version 0.22.1-6-g1668fe2 (webtiles) character file.

231 lorenzova the Covered (level 5, -3/51 HPs)
             Began as a Deep Dwarf Fighter on Jan 25, 2019.
             Killed by nerve-wracking pain
             ... invoked by Jessica
              (10 damage)
             ... on level 3 of the Dungeon.
             The game lasted 00:06:03 (2249 turns).

lorenzova the Covered (Deep Dwarf Fighter)          Turns: 2249, Time: 00:06:04

Health: -3/51      AC:  8    Str: 21      XL:     5   Next: 73%
Magic:  5/5        EV: 12    Int:  8      God:
Gold:   97         SH:  9    Dex: 10 (12) Spells: 4/4 levels left

rFire    . . .     SeeInvis .   p - +1 mace (crush)
rCold    . . .     Gourm    .   c - +0 shield
rNeg     . . .     Faith    .   b - +0 scale mail
rPois    .         Spirit   .   q - +0 helmet
rElec    .         Reflect  .   (no cloak)
rCorr    .         Harm     .   (no gloves)
MR       .....                  (no boots)
Stlth    ..........             (no amulet)
HPRegen  0.00/turn              n - +5 ring of evasion
MPRegen  0.09/turn              o - ring of wizardry

@: non-regenerating
A: damage resistance, heal wounds, sense surroundings 1, no regeneration
a: Heal Wounds


You were on level 3 of the Dungeon.
You were not hungry.

You visited 1 branch of the dungeon, and saw 3 of its levels.

You collected 97 gold pieces.

Inventory:

Hand Weapons
 a - a +0 war axe
 p - a +1 mace of crushing (weapon)
Armour
 b - a +0 scale mail (worn)
 c - a +0 shield (worn)
 q - a +0 helmet (worn)
Jewellery
 n - a +5 ring of evasion (left hand)
 o - a ring of wizardry (right hand)
Scrolls
 e - a scroll of random uselessness
 g - 2 scrolls of enchant weapon
 k - a scroll of enchant armour
Potions
 d - a potion of might
 i - 2 potions of curing
 j - 3 potions of degeneration
 l - 2 potions of haste
 m - a potion of agility
Comestibles
 f - 5 rations
 h - a chunk of flesh


   Skills:
 + Level 4.6 Fighting
 - Level 2.1 Axes
 + Level 5.5 Armour
 - Level 3.2 Shields


You had 4 spell levels left.
You didn't know any spells.
Your spell library was empty.

Dungeon Overview and Level Annotations

Branches:
Dungeon (3/15)

Altars:
Xom

Annotations:
D:3 Jessica


Innate Abilities, Weirdness & Mutations

You are resistant to damage.
You can heal yourself by infusing magical energy.
You passively map a small area around you.
You do not regenerate.


Message History

Jessica shouts!
You hear a shout!
An adder comes into view.
Jessica moves out of view.
Found a potion of curing.
The adder hisses angrily.
The rat closely misses you.
A kobold comes into view.
Found a scroll labeled FETHUSHRIRPH.
You hit the rat.
You kill the rat!
The kobold throws a stone.
You block the stone.
Jessica mumbles some strange words.
Jessica blinks!
You block Jessica's attack. Jessica gestures at you while chanting.
You struggle to resist.
The kobold throws a stone.
You block the stone.
You see here a stone.
Jessica gestures at you while chanting. Pain shoots through your body!
You die...

#########
........################# *
#......@(.@.............###
.#..##S####.##########....
* #..(......†.........### ,
.....#.†##.#.#.########.##
#.#.....##.#.#.# ##.#.## *
..##...## #.#.# #.###.. !.
,(...# #.#.# ##.#.## .
##K..# ,#.#.# ##.## ,, ,
..... ,#.#.# #########


You could see an adder and Jessica.

Vanquished Creatures
  A quasit (D:3)
  A worker ant (D:3)
  Robin (D:2)
  3 gnolls (D:2)
  4 adders
  2 oozes
  4 dart slugs
  3 worms (D:2)
  2 leopard geckos
  6 giant cockroaches
  17 goblins
  8 hobgoblins
  2 jackals (D:2)
  3 quokkas
  6 bats
  2 frilled lizards (D:1)
  6 kobolds
  4 rats
  A fungus (D:1)
76 creatures vanquished.

Notes
Turn   | Place    | Note
-------+----------+-------------------------------------------
     0 | D:1      | lorenzova the Deep Dwarf Fighter began the quest for the
                  | Orb.
     0 | D:1      | Reached XP level 1. HP: 20/20 MP: 1/1
   262 | D:1      | Reached XP level 2. HP: 21/28 MP: 2/2
   335 | D:1      | Reached skill level 4 in Armour
   505 | D:1      | Reached XP level 3. HP: 17/34 MP: 3/3
   833 | D:2      | Noticed Robin
   841 | D:2      | Killed Robin
   841 | D:2      | Reached XP level 4. HP: 14/44 MP: 4/4
  1039 | D:2      | HP: 2/44 [gnoll/whip (5)]
  1276 | D:2      | Reached skill level 5 in Armour
  1430 | D:2      | Reached XP level 5. HP: 17/50 MP: 5/5
  1584 | D:2      | Found a shimmering altar of Xom.
  2243 | D:3      | Noticed Jessica
  2249 | D:3      | Killed from afar by Jessica

Skill      XL: |  1  2  3  4 |
---------------+-------------+-----
Fighting       | 3 4 |  4.6
Armour         | 4 5 |  5.5
Axes           | |  2.1
Shields        | |  3.2

Action                   |  1- 3 |  4- 6 || total
-------------------------+-------+-------++-------
Melee: War axe           |   123 |    70 ||   193
       Mace              |       |    81 ||    81
  Use: Potion            |       |     1 ||     1
       Scroll            |       |     6 ||     6
  Eat: Chunk             |       |     5 ||     5
Armor: Scale mail        |    42 |    64 ||   106
Dodge: Dodged            |    41 |    91 ||   132
Block: Shield            |    66 |    88 ||   154
